 Dungeon Crawl Stone Soup version 0.30.1-11-g7821555f0a (webtiles) character file.

Game seed: 16229395231800613742

6486 jagang the Basher (level 10, -3/79 HPs)
             Began as a Demonspawn Fighter on Dec 13, 2023.
             Was a Believer of Makhleb.
             Slain by an orc warrior
             ... wielding a +0 long sword
              (11 damage)
             ... on level 9 of the Dungeon.
             The game lasted 00:21:33 (8184 turns).

jagang the Basher (Demonspawn Fighter)              Turns: 8184, Time: 00:21:34

Health: -3/79      AC: 16    Str: 26    XL:     10   Next: 68%
Magic:  13/13      EV: 12    Int: 10    God:    Makhleb [**....]
Gold:   299        SH: 11    Dex: 15    Spells: 9/9 levels left

rFire   . . .        b - +3 whip (venom)
rCold   . . .        c - +1 buckler
rNeg    + + .        D - +0 plate armour
rPois   +            (no helmet)
rElec   .            (no cloak)
rCorr   .            t - +2 pair of gloves
SInv    .            (no boots)
Will    .....        A - amulet of the acrobat Stlth
                     r - ring of Sin {Drain rN++ Str+6 Slay+3}
HPRegen 0.33/turn    M - ring of poison resistance
MPRegen 0.13/turn

%: acrobat
@: agile
A: thin skeletal structure 1, powered by pain 1, condensation shield, demonic
touch 1
a: Renounce Religion, Minor Destruction


You were on level 9 of the Dungeon.
You worshipped Makhleb.
Makhleb was pleased with you.
You visited 2 branches of the dungeon, and saw 10 of its levels.

You collected 431 gold pieces.
You spent 132 gold pieces at shops.

Inventory:

Hand Weapons
 b - a +3 whip of venom (weapon)
 o - the +5 short sword of the Eggplant {flame, *Rage rElec rC+++ Will+}
   (You found it on level 2 of the Dungeon)

   rC:        It renders you almost immune to cold.
   rElec:     It insulates you from electricity.
   *Rage:     It berserks you when you make melee attacks (+20% chance).
   Will:      It increases your willpower.
Missiles
 h - 12 poisoned darts (quivered)
 q - 3 atropa-tipped darts
 s - 3 throwing nets
 B - 2 curare-tipped darts
 J - 5 boomerangs
Armour
 c - a +1 buckler (worn)
 t - a +2 pair of gloves (worn)
 D - a +0 plate armour (worn)
Jewellery
 f - a ring of ice
 r - the ring of Sin (left hand) {Drain rN++ Str+6 Slay+3}
   (You found it on level 3 of the Dungeon)

   [ring of strength]

   Str:       It affects your strength (+6).
   Slay:      It affects your accuracy & damage with ranged weapons and melee
   (+3).
   rN:        It greatly protects you from negative energy.
   Drain:     It drains your maximum health when unequipped.
 A - an amulet of the acrobat (around neck)
 G - a +4 ring of protection
 M - a ring of poison resistance (right hand)
 N - a ring of fire
Wands
 L - a wand of iceblast (4)
Scrolls
 e - 2 scrolls of enchant armour
 g - 3 scrolls of immolation
 i - a scroll of vulnerability
 l - 3 scrolls of poison
 p - 2 scrolls of torment
 y - a scroll of fog
 C - 2 scrolls of noise {unknown}
 E - 2 scrolls of teleportation {unknown}
Potions
 a - a potion of magic {unknown}
 d - 2 potions of might
 k - 2 potions of haste {unknown}
 m - 2 potions of curing
 n - 4 potions of lignification {unknown}
 u - 2 potions of flight {unknown}
 w - 3 potions of resistance {unknown}
 z - a potion of berserk rage {unknown}
 F - 3 potions of brilliance {unknown}
 H - a potion of degeneration {unknown}
 I - 3 potions of mutation {unknown}
 K - 2 potions of cancellation {unknown}


   Skills:
 + Level 7.3 Fighting
 * Level 8.9 Maces & Flails
 - Level 5.0 Throwing
 + Level 6.7 Armour
 + Level 6.8 Shields
 + Level 4.1 Invocations


You had 9 spell levels left.
You didn't know any spells.
Your spell library contained the following spells:

 Spells                   Type           Power      Damage    Failure   Level
 Apportation              Tloc           0%         N/A       99%         1
 Magic Dart               Conj           0%         1d3       99%         1
 Lesser Beckoning         Tloc           0%         N/A       100%        2
 Searing Ray              Conj           0%         2d4       100%        2
 Gell's Gravitas          Tloc           0%         N/A       100%        3
 Teleport Other           Tloc           0%         N/A       100%        3
 Anguish                  Hex/Necr       0%         N/A       100%        4
 Cause Fear               Hex            0%         N/A       100%        4
 Fulminant Prism          Conj/Hex       0%         3d5       100%        4
 Alistair's Intoxication  Tmut/Pois      0%         N/A       100%        5
 Dispersal                Tloc           0%         N/A       100%        6
 Enfeeble                 Hex            0%         N/A       100%        7


Dungeon Overview and Level Annotations

Branches:
Dungeon (9/15)             Temple (1/1) D:7             Orc (0/2) D:9
   Lair: D:8-11

Altars:
Ashenzari
Cheibriados
Dithmenos
Hepliaklqana
Makhleb
Nemelex Xobeh
Okawaru
Uskayaw
Yredelemnul

Shops:
D:3 =**[   D:5 (   D:8 :


Innate Abilities, Weirdness & Mutations

You have a somewhat thin skeletal structure. (Dex +2, Stealth+)
You sometimes gain a little power by taking damage.
A meltable shield of frost defends you. (SH +4)
Your touch may inflict minor irresistible damage on your foes.


Message History

Unknown command.
You feel much better.
The orc warrior hits you with a +0 long sword!
* * * LOW HITPOINT WARNING * * *
The orc priest invokes the aid of Beogh against you.
Beogh smites you!
* * * LOW HITPOINT WARNING * * *
You block the orc priest's attack.
You feel better.
The orc warrior hits you but does no damage.
The orc priest mumbles some strange prayers to Beogh against you.
Beogh smites you!
* * * LOW HITPOINT WARNING * * *
The orc priest hits you but does no damage.
You feel better.
The orc warrior hits you with a +0 long sword.
* * * LOW HITPOINT WARNING * * *
The orc priest looks encouraged for a moment.
The orc priest calls upon Beogh to heal the orc priest.
The orc priest is healed somewhat.
You hit the orc priest.
You kill the orc priest!
Makhleb accepts your kill. You block the orc warrior's attack.
You hit the orc priest.
The orc priest is poisoned.
The orc priest is severely wounded.
The orc warrior hits you with a +0 long sword.
* * * LOW HITPOINT WARNING * * *
The orc priest casts a cantrip, but nothing happens.
You hit the orc priest.
You kill the orc priest!
Makhleb accepts your kill. The orc warrior closely misses you.
You hit the orc warrior.
The orc warrior is severely wounded.
You hit the orc warrior but do no damage.
The orc warrior is poisoned.
The orc warrior is severely wounded.
The orc warrior hits you with a +0 long sword!
You die...

### ######## . ..# ####.<..^.#
.. ..# #.........#### ... ..#
##.........+.. ....
..###...⌠......#.## .....
...†...........#..######......
..####......<.(.@o))))........
..# #..+.....##8o8#####8+8##.
### ####.....#.).)..8. o.
##'####..).(.... o.# #
#...##..)⌠.._..⌠ .# #
###..#.......... # #
######.(....>(.. ###
#....########### ..#
###.......#


You could see an orc warrior (very poisoned) and an orc.

Vanquished Creatures
  Pikel (D:5)
  A troll (D:9)
  Grinder (D:5)
  A hornet (D:9)
  A shadow (D:9)
  2 wyverns
  2 steam dragons (D:8)
  Menkaure (D:4)
  A water moccasin (D:6)
  8 orc warriors
  2 sky beasts (D:8)
  3 ice beasts
  An ogre (D:4)
  3 centaurs
  3 phantoms
  6 bullfrogs
  A gnoll sergeant (D:8)
  3 scorpions
  5 wights (D:7)
  20 killer bees
  2 howler monkeys (D:8)
  5 hounds
  2 jellies
  2 gnoll boudas (D:7)
  5 orc priests
  3 iguanas
  A sleepcap (D:8)
  6 orc wizards
  3 adders
  13 gnolls
  A shadow imp (D:8)
  2 white imps
  2 ufetubi
  2 worms
  4 dart slugs
  29 orcs
  12 ball pythons
  4 endoplasms
  7 giant cockroaches
  12 goblins
  7 hobgoblins
  2 jackals (D:4)
  4 kobolds
  2 quokkas
  4 bats (D:1)
  2 frilled lizards (D:2)
  5 rats
209 creatures vanquished.

Vanquished Creatures (others)
  An orc wizard (D:8)
1 creature vanquished.

Grand Total: 210 creatures vanquished

Notes
Turn   | Place    | Note
-------+----------+-------------------------------------------
     0 | D:1      | jagang the Demonspawn Fighter began the quest for the Orb.
     0 | D:1      | Reached XP level 1. HP: 18/18 MP: 1/1
    85 | D:1      | Reached skill level 2 in Maces & Flails
   190 | D:1      | Gained mutation: Your touch may inflict minor irresistible
                  | damage on your foes. [demonic ancestry]
   190 | D:1      | Reached XP level 2. HP: 23/24 MP: 2/2
   850 | D:2      | Gained mutation: You have a somewhat thin skeletal
                  | structure. (Dex +2, Stealth+) [demonic ancestry]
   850 | D:2      | Reached XP level 3. HP: 14/29 MP: 3/3
   978 | D:2      | Found a basalt altar of Yredelemnul.
  1043 | D:2      | Identified the +5 short sword of the Eggplant {flame, *Rage
                  | rElec rC+++ Will+}
  1421 | D:3      | Found Ulat's Assorted Antiques.
  1429 | D:3      | Bought a scroll labelled QAONUU KOTZ for 18 gold pieces
  1429 | D:3      | Bought a fizzy dark potion for 16 gold pieces
  1429 | D:3      | Bought a scroll labelled RUYGRI XEFRA for 18 gold pieces
  1440 | D:3      | Found Isaod's Antique Armour Shop.
  1535 | D:3      | Identified the ring of Sin {Drain rN++ Str+6 Slay+3}
  1548 | D:3      | Found a broken altar of Ashenzari.
  1548 | D:3      | Found a snail-covered altar of Cheibriados.
  1569 | D:3      | Noticed a scorpion
  1574 | D:3      | Killed a scorpion
  1575 | D:3      | Reached skill level 3 in Maces & Flails
  1575 | D:3      | Reached skill level 1 in Throwing
  1575 | D:3      | Gained mutation: A meltable shield of frost defends you.
                  | (SH +4) [demonic ancestry]
  1575 | D:3      | Reached XP level 4. HP: 28/35 MP: 4/4
  1678 | D:3      | Reached XP level 5. HP: 41/41 MP: 5/5
  1768 | D:3      | Found Vitanu's Jewellery Emporium.
  1849 | D:3      | Found Paxt's General Store.
  2133 | D:3      | Bought a potion of curing for 30 gold pieces
  2367 | D:3      | Bought a potion of heal wounds for 50 gold pieces
  2405 | D:4      | Noticed a phantom
  2412 | D:4      | Killed a phantom
  2572 | D:4      | Reached XP level 6. HP: 48/48 MP: 6/6
  2697 | D:4      | Noticed Menkaure
  2706 | D:4      | Killed Menkaure
  2707 | D:4      | Reached skill level 4 in Maces & Flails
  3067 | D:4      | Reached XP level 7. HP: 54/54 MP: 7/7
  3247 | D:5      | Entered Level 5 of the Dungeon
  3248 | D:5      | Noticed Grinder
  3256 | D:5      | Killed Grinder
  3257 | D:5      | Reached skill level 5 in Maces & Flails
  3449 | D:5      | Reached XP level 8. HP: 53/61 MP: 8/8
  3469 | D:5      | Reached skill level 5 in Fighting
  3625 | D:5      | Noticed Pikel
  3641 | D:5      | Killed Pikel
  3642 | D:5      | Reached skill level 6 in Maces & Flails
  3642 | D:5      | Reached skill level 5 in Shields
  3658 | D:5      | Reached skill level 5 in Armour
  3825 | D:5      | Found Yvvieff's Weapon Boutique.
  4102 | D:6      | Identified the +1 leather armour "Curut" {Contam +Inv
                  | Will+}
  4201 | D:6      | Reached XP level 9. HP: 68/68 MP: 9/9
  5051 | D:7      | Reached skill level 7 in Maces & Flails
  5869 | D:7      | Found a staircase to the Ecumenical Temple.
  5876 | Temple   | Entered the Ecumenical Temple
  5892 | Temple   | Became a worshipper of Makhleb the Destroyer
  6348 | D:8      | Reached skill level 5 in Throwing
  6461 | D:8      | Reached skill level 1 in Invocations
  6461 | D:8      | Gained mutation: You sometimes gain a little power by
                  | taking damage. [demonic ancestry]
  6461 | D:8      | Reached XP level 10. HP: 77/77 MP: 10/10
  6717 | D:8      | Reached skill level 8 in Maces & Flails
  6864 | D:8      | Reached * piety under Makhleb
  7111 | D:8      | Found Arailyis's Book Shop.
  8117 | D:9      | Found a staircase to the Orcish Mines.
  8173 | D:9      | Reached ** piety under Makhleb
  8178 | D:9      | HP: 2/79 [orc priest/divine providence (11)]
  8184 | D:9      | Slain by an orc warrior

Illustrated notes

Levels and vault maps discovered:
D:1:      roderic_dead_forest, layout_loops_ring
D:2:      layout_rooms, basic_altar, minivault_14
D:3:      layout_basic, minitemple, serial_shops, shop, shop, shop, shop
D:4:      layout_gridville, uniq_menkaure
D:5:      layout_cave_pools, serial_shops, nicolae_shop_stone, uniq_pikel,
          uniq_grinder
D:6:      layout_basic
D:7:      layout_loops_corners, minmay_temple_entry_ruins
D:8:      minmay_s_stair_smasher, layout_loops_ring, serial_shops, shop
D:9:      layout_roguey, elyvilon_altar_4, kennysheep_orc_sif_temple,
          david_orc_5, solitary_fountain, kennysheep_generic_room_7, uniq_maggie
Temple:   compressed_dpeg_circular_temple

Skill      XL: |  1  2  3  4  5  6  7  8  9 10 |
---------------+-------------------------------+-----
Maces & Flails | 2 3 4 5 6 7 8 |  8.9
Shields        | 3 4 5 6 |  6.8
Armour         | 3 4 5 6 |  6.7
Throwing       | 1 2 3 4 5 |  5.0
Fighting       | 4 5 6 7 |  7.3
Invocations    | 1 4 |  4.1

Action                     |  1- 3 |  4- 6 |  7- 9 | 10-12 || total
---------------------------+-------+-------+-------+-------++-------
  Melee: Flail             |    93 |       |       |       ||    93
         Short sword       |    29 |    72 |    72 |       ||   173
         Whip              |       |       |   216 |   208 ||   424
  Throw: Javelin           |       |     2 |     5 |     3 ||    10
         Dart              |       |       |     4 |     1 ||     5
         Throwing net      |       |       |     1 |       ||     1
  Evoke: Wand              |       |       |       |     1 ||     1
    Use: Scroll            |       |       |     7 |     4 ||    11
         Potion            |       |       |     2 |     3 ||     5
 Armour: Scale mail        |    47 |    21 |    12 |       ||    80
         Chain mail        |       |       |    28 |       ||    28
         Plate armour      |       |       |    68 |    70 ||   138
  Dodge: Dodged            |    61 |    24 |   123 |    60 ||   268
  Block: Buckler           |    33 |    28 |   153 |    79 ||   293
